Map: Golden Wall LE

Players

Massa - Winner!

  • Race: Terran Terran
  • League: Platinum
  • Spawn Location: 7:00

JONiSEO

  • Race: Zerg Zerg
  • League: Platinum
  • Spawn Location: 5:00

VOD

Have the link to the VOD?

Description

Time

  • Played on: Sept. 4, 2020, 9:59 a.m.
  • Length: 10:05
Show
View Real Time Build Order
Export as new Build Order

Massa Terran - Winner!

Build Orders: Gas First Reaper Expand 

Get SALT Encoding   

  12  0:00  SCV  
  13  0:12  SCV  
  14  0:20  Supply Depot  
  14  0:25  SCV  
  15  0:32  Refinery  
  15  0:43  Barracks  
  15  0:44  SCV  
  16  0:57  SCV  
  17  1:09  SCV  
  18  1:21  SCV  
  19  1:30  Reaper  
  20  1:34  Command Center  
  20  1:37  SCV  
  21  1:49  Orbital Command  
  21  2:02  Marine  
  22  2:11  Factory  
  22  2:15  SCV  
  23  2:26  Barracks Tech Lab  
  23  2:46  SCV  
  23  2:47  Marauder  
  23  2:49  Orbital Command  
  26  2:56  Factory Reactor  
  26  2:58  SCV  
  27  3:04  Barracks  
  27  3:08  Marauder  
  27  3:10  SCV  
  30  3:25  Refinery, SCV x2  
  32  3:30  Marauder  
  32  3:33  Hellion x2  
  38  3:36  Stimpack  
  38  3:43  Supply Depot  
  38  3:46  Supply Depot  
  38  3:49  Supply Depot  
  38  4:04  SCV x2  
  38  4:05  Hellion x2  
  44  4:17  SCV x2  
  46  4:18  Barracks Reactor  
  46  4:22  Starport  
  46  4:29  SCV  
  46  4:30  Command Center  
  47  4:33  Engineering Bay  
  47  4:35  Engineering Bay  
  47  4:47  Widow Mine x2  
  51  4:53  Refinery  
  51  5:02  Marauder, Marine x2  
  53  5:16  Viking  
  53  5:19  Marine  
  53  5:20  Marine  
  57  5:21  Starport  
  57  5:37  SCV x2  
  59  5:43  Marine x2  
  59  5:46  Widow Mine x2  
  59  5:47  Orbital Command  
  59  5:49  SCV x2  
  67  5:50  Terran Infantry Armor Level 1  
  67  5:51  Terran Infantry Weapons Level 1  
  67  5:56  Missile Turret  
  65  6:01  SCV x2  
  67  6:05  Marine x2  
  67  6:08  Combat Shield  
  67  6:13  SCV x2  
  67  6:15  Starport Tech Lab  
  67  6:17  Starport Tech Lab, Missile Turret  
  69  6:21  Refinery  
  69  6:23  Marine x2  
  75  6:25  Widow Mine  
  75  6:26  Widow Mine, Marauder  
  77  6:38  Missile Turret  
  77  6:40  Supply Depot  
  77  6:44  Supply Depot  
  77  7:02  Banshee, Marauder  
  77  7:04  Supply Depot  
  82  7:10  Supply Depot  
  82  7:19  Marine x2  
  84  7:26  Marauder  
  84  7:27  Concussive Shells  
  86  7:30  Banshee, Supply Depot  
  86  7:31  Supply Depot  
  86  7:32  Factory Tech Lab, Supply Depot  
  89  7:45  Banshee  
  89  7:46  Cloaking Field  
  92  7:59  Missile Turret  
  92  8:04  Siege Tank  
  95  8:12  Banshee  
  98  8:20  Missile Turret  
  98  8:27  Banshee  
  101  8:36  Siege Tank  
  104  8:50  SCV x2  
  106  8:55  Banshee  
  106  9:02  SCV x2  
  111  9:08  Siege Tank  
  114  9:10  Viking  
  114  9:14  SCV  
  114  9:16  Orbital Command  
  117  9:26  Armory  
Show
View Real Time Build Order
Export as new Build Order

JONiSEO Zerg 

Build Orders: Pool First 

Get SALT Encoding   

  12  0:00  Drone  
  13  0:13  Overlord  
  13  0:29  Spawning Pool  
  13  0:31  Extractor  
  11  0:36  Drone  
  12  0:48  Drone  
  12  0:49  Drone  
  14  0:51  Drone  
  15  1:03  Drone  
  16  1:12  Drone  
  17  1:20  Queen  
  19  1:40  Hatchery  
  19  1:43  Drone  
  19  1:55  Queen  
  21  2:07  Overlord  
  21  2:19  Metabolic Boost  
  21  2:27  Overlord  
  21  2:28  Drone  
  21  2:29  Drone  
  23  2:48  Zergling x2  
  23  2:49  Zergling x4  
  26  3:10  Zergling x4  
  28  3:13  Roach Warren  
  27  3:20  Drone x2  
  27  3:21  Overlord  
  27  3:23  Evolution Chamber  
  27  3:24  Extractor  
  27  3:35  Evolution Chamber  
  27  3:39  Zergling x2  
  27  3:40  Zergling x2  
  27  3:41  Drone, Zergling x2, Overlord  
  30  3:49  Drone  
  31  4:07  Zerg Missile Weapons Level 1  
  31  4:09  Zerg Ground Armor Level 1  
  31  4:13  Roach  
  31  4:14  Roach  
  31  4:15  Roach  
  37  4:20  Drone  
  37  4:21  Drone  
  39  4:32  Roach  
  39  4:33  Roach  
  39  4:38  Drone  
  44  4:46  Drone x2  
  44  4:49  Drone  
  47  4:56  Roach  
  48  5:01  Overlord  
  48  5:10  Roach x2  
  52  5:15  Overlord  
  52  5:23  Extractor  
  52  5:25  Extractor  
  52  5:26  Drone  
  52  5:27  Drone x2  
  53  5:39  Roach  
  53  5:41  Roach  
  53  5:42  Overlord  
  57  5:48  Drone x2  
  59  6:01  Roach x3  
  64  6:14  Roach x2  
  64  6:16  Ravager x2  
  70  6:19  Ravager  
  70  6:21  Ravager  
  70  6:24  Roach  
  70  6:25  Roach  
  76  6:27  Overlord  
  75  6:54  Ravager x2  
  75  6:56  Roach x2  
  79  7:27  Overlord  
  79  7:28  Overlord  
  81  7:30  Roach x2  
  83  7:39  Lair  
  83  7:42  Overlord  
  83  7:43  Overlord  
  83  7:50  Drone  
  83  7:51  Drone x3  
  86  7:53  Hatchery  
  86  8:01  Pneumatized Carapace  
  86  8:04  Roach x2  
  87  8:12  Roach x3  
  95  8:13  Roach  
  92  8:26  Roach  
  92  8:27  Roach x3  
  85  8:45  Hydralisk Den  
  84  8:49  Spore Crawler  
  84  8:51  Spore Crawler  
  84  8:54  Spore Crawler  
  79  8:56  Spore Crawler  
  79  8:58  Drone x6  
  84  9:15  Hydralisk  
  84  9:16  Hydralisk x2  
  88  9:19  Drone  
  91  9:39  Roach  
  91  9:40  Roach x2  
  91  9:42  Overlord  
Tags
 
Add a new tag
Caveats
  • Supply blocks, unpowered buildings, or Contaminate may cause inaccurate times.
  • Supply counts are checked every 10 seconds.